[Event "*** SCC Grand Prix: Titled Tuesday Blitz"]
[Site "Chess.com"]
[Date "2020.10.06"]
[Round "7"]
[White "icychess54"]
[Black "CM_rui"]
[Result "1-0"]
[WhiteElo "2268"]
[BlackElo "2360"]
[TimeControl "180+1"]
[EndTime "11:20:10 PDT"]
[Termination "icychess54 won on time"]

1. c4 Nf6 2. Nf3 e6 3. Nc3 c5 4. d4 cxd4 5. Nxd4 Be7 6. e3 O-O 7. Be2 d6 8. O-O Nbd7 9. b3 a6 10. Bb2 Qc7 11. Qd2 b6 12. Nc6 Qxc6 13. Bf3 d5 14. cxd5 exd5 15. Nxd5 Nxd5 16. Bxd5 Qd6 17. Ba3 Nc5 18. Rfd1 Ra7 19. Bxf7+ Rxf7 20. Qxd6 Bxd6 21. Rxd6 Bf5 22. Rxb6 Nd7 23. Rd1 h6 24. Rbd6 Ne5 25.
Bc5 Rac7 26. b4 a5 27. a3 axb4 28. axb4 Nc4 29. Rd8+ Kh7 30. Rb8 Be4 31. f3 Bg6 32. Rdd8 Bc2 33. h4 h5 34. Ra8 Rf6 35. e4 Kg6 36.
Rac8 Rb7 37. Kf2 Ba4 38. Rb8 Rbf7 39. Rd4 Ne5 40. Kg3 Bc6 41. Rbd8 Bb7 42. R8d6 Nc6 43. Rxf6+ gxf6 44. Rd6 Ne5 45. Bd4 Nd7 46. e5 Kf5 47. exf6 Nf8 48. Rb6 Ne6 49. Be3 Kxf6 50. Bg5+ Kf5 51.
Be3 Ng7 52. Bc5 1-0

[Event "*** SCC Grand Prix: Titled Tuesday Blitz"]
[Site "Chess.com"]
[Date "2020.10.06"]
[Round "7"]
[White "FMKonstantin_Twitch"]
[Black "DrMamaliga"]
[Result "0-1"]
[WhiteElo "2542"]
[BlackElo "2368"]
[TimeControl "180+1"]
[EndTime "11:20:11 PDT"]
[Termination "DrMamaliga won by resignation"]

1. d4 Nf6 2. Bf4 c5 3. e3 cxd4 4. exd4 d5 5. c3 Nc6 6. Nd2 Bg4 7. Qb3 Qc8 8. Ngf3 e6 9. Bd3 Be7 10. O-O O-O 11. h3 Bh5 12. Rfe1 Bg6 13. Bxg6 hxg6 14. Ne5 a6 15. Qd1 b5 16. a3 a5 17.
Rc1 Qb7 18. Qf3 Rac8 19. Nxc6 Rxc6 20. Nb3 Ra8 21. Be5 Ne4 22. Qd3 b4 23. cxb4 axb4 24.
f3 Nf6 25. Rxc6 Qxc6 26. Rc1 Qa4 27. Rc7 Bf8 28. Nc5 Bxc5 29. dxc5 bxa3 30. bxa3 Ne8 31. Re7 Qc6 32. Qd4 Kf8 33. Rxe8+ Kxe8 34. Bxg7 Rc8 35.
Qh4 Qxc5+ 36. Kh2 Qd6+ 37. f4 Kd7 38. Be5 Qxa3 39. Qh7 Qe7 40. Qg7 f6 41. Bxf6 Qxg7 42. Bxg7 Rg8 43. Be5 Kc6 44. Kg3 Kc5 45. Kf3 Kc4 46.
Ke3 Rd8 47. h4 d4+ 48. Kd2 d3 49. g4 Ra8 50. h5 Ra2+ 51. Ke3 gxh5 52. gxh5 Rh2 53.
Ke4 Rxh5 54. Ke3 Rxe5+ 55. Kd2 Re2+ 0-1

[Event "*** SCC Grand Prix: Titled Tuesday Blitz"]
[Site "Chess.com"]
[Date "2020.10.06"]
[Round "7"]
[White "nurgyulsalimova"]
[Black "Rodalquilar"]
[Result "0-1"]
[WhiteElo "2609"]
[BlackElo "2784"]
[TimeControl "180+1"]
[EndTime "11:20:12 PDT"]
[Termination "Rodalquilar won by resignation"]

1. e4 d5 2. exd5 Qxd5 3. Nc3 Qa5 4. d4 Nf6 5. Nf3 Bf5 6. Bc4 e6 7. Bd2 Bb4 8. a3 Bxc3 9. Bxc3 Qb6 10. Bb4 a5 11. Bc5 Qxb2 12. O-O b6 13. d5 bxc5 14. dxe6 fxe6 15. Ng5 O-O 16. Qf3 Qxc2 17. Rac1 Qd2 18.
Nxe6 Be4 19. Nxf8+ Kxf8 20. Qg3 Qd6 21. Qh4 Nbd7 22.
Rfd1 Qe5 23. Qh3 Qf5 24. Qe3 Re8 25. Qg3 Qg6 26. f3 Qxg3 27. hxg3 Bf5 28. Kf2 Be6 29. Be2 Bd5 30. g4 c6 31. g5 Nh5 32. g3 g6 33. f4 Ng7 34. Bg4 Nf5 35. Bxf5 gxf5 36. Re1 Re4 37. Re3 c4 38. Rxe4 fxe4 39. Ke3 Nc5 40.
Rb1 Nb3 41. g4 c3 42. f5 c2 43. Re1 c1=Q+ 44. Rxc1 Nxc1 45. g6 hxg6 46. fxg6 Kg7 47.
g5 Kxg6 48. Kd2 Nb3+ 49. Kc3 e3 50. Kd3 Kxg5 51. Kxe3 c5 52. Kd3 c4+ 53. Kc3 Kf5 54. a4 Ke4 55. Kb2 Kd3 56. Ka3 c3 57. Ka2 c2 58. Kb2 c1=Q+ 0-1

[Event "*** SCC Grand Prix: Titled Tuesday Blitz"]
[Site "Chess.com"]
[Date "2020.10.06"]
[Round "7"]
[White "nocnypako"]
[Black "The_Machine04"]
[Result "1-0"]
[WhiteElo "2559"]
[BlackElo "2331"]
[TimeControl "180+1"]
[EndTime "11:20:13 PDT"]
[Termination "nocnypako won on time"]

1. d4 d6 2. e4 Nf6 3. Nc3 e5 4. Nf3 Nbd7 5. g3 b6 6. Bg2 Ba6 7. h3 Be7 8. Be3 O-O 9. Qd2 c5 10.
dxe5 Nxe5 11. Nxe5 dxe5 12. O-O-O Qxd2+ 13. Rxd2 Rfd8 14. Rhd1 Rxd2 15. Rxd2 Rd8 16. Bg5 Bb7 17. Rxd8+ Bxd8 18. Nb5 a6 19. Nd6 Nxe4 20. Bxe4 Bxg5+ 21. f4 Bxe4 22. Nxe4 Bh6 23. Kd1 exf4 24. g4 g6 25. Ke2 Bg7 26.
b3 Be5 27. Kf3 Kg7 28. Nd2 Bc7 29. Ke4 Kf6 30. Nf3 h6 31. Kd5 Ke7 32. Kc6 Bd8 33.
Kd5 f5 34. gxf5 g5 35. a4 Kf6 36. Ke4 h5 37. Ne5 Bc7 38. Nd3 Bd6 39. c4 Bc7 40.
Nf2 Bd6 41. Nd3 Bc7 42. a5 Bd6 43. axb6 Bb8 44. Nxc5 g4 45. hxg4 hxg4 46. Nd7+ Kg5 47. Nxb8 f3 48. Ke3 Kh4 49. f6 Kh3 50. f7 f2 51. f8=Q g3 52. Qxf2 gxf2 53. Kxf2 1-0

[Event "*** SCC Grand Prix: Titled Tuesday Blitz"]
[Site "Chess.com"]
[Date "2020.10.06"]
[Round "7"]
[White "MusicCityMaster"]
[Black "draksbg"]
[Result "1/2-1/2"]
[WhiteElo "2317"]
[BlackElo "2563"]
[TimeControl "180+1"]
[EndTime "11:20:15 PDT"]
[Termination "Game drawn by repetition"]

1. d4 Nf6 2. c4 c5 3. d5 e6 4. Nc3 exd5 5. cxd5 d6 6. Nf3 g6 7.
Bf4 Bg7 8. h3 O-O 9. e3 Nh5 10.
Bh2 f5 11. Be2 f4 12. O-O fxe3 13. fxe3 Qe7 14. Kh1 Nd7 15. Nd2 Rxf1+ 16. Qxf1 Ne5 17. Bxh5 gxh5 18. Nde4 Bd7 19. Qe2 h4 20. Rf1 Rf8 21. a4 a6 22. a5 Bf5 23. Bf4 h6 24. Rf2 Kh7 25. Qf1 Bg6 26. Qe2 Rd8 27. b3 Qc7 28. Bh2 Qxa5 29. Qf1 Qc7 30. Nf6+ Kh8 31. Bxe5 dxe5 32.
Ng4 b5 33. e4 c4 34. b4 Qe7 35. Rf3 Qxb4 36. Qf2 Qe7 37. Nf6 Bxf6 38. Rxf6 Kg7 39. Rf3 b4 40. Ne2 Bxe4 41. Re3 Bd3 42. Nf4 Qf7 43. Ne6+ Kg8 44. Rf3 Qg6 45. Rf8+ Rxf8 46. Qxf8+ Kh7 47. Qe7+ Kg8 48. Qf8+ Kh7 49. Qe7+ Kg8 50.
Qf8+ 1/2-1/2

[Event "*** SCC Grand Prix: Titled Tuesday Blitz"]
[Site "Chess.com"]
[Date "2020.10.06"]
[Round "7"]
[White "Leonid_Starozhilov"]
[Black "Infernal_XaM"]
[Result "0-1"]
[WhiteElo "2695"]
[BlackElo "2878"]
[TimeControl "180+1"]
[EndTime "11:20:16 PDT"]
[Termination "Infernal_XaM won by resignation"]

1. e4 e5 2. Nf3 Nc6 3. Bc4 Nf6 4.
d3 h6 5. Nc3 d6 6. h3 g6 7. Nd5 Bg7 8. a3 Nxd5 9. Bxd5 Ne7 10.
Bb3 O-O 11. Be3 d5 12. Bc5 c6 13. O-O Re8 14. Re1 b6 15. Bxe7 Rxe7 16. d4 exd4 17. Nxd4 Bb7 18. c3 c5 19. Nc2 dxe4 20. Qg4 Kh7 21. Rad1 Qe8 22. Bd5 f5 23. Qe2 Bxd5 24.
Rxd5 Rd8 25. Red1 Red7 26. Rxd7 Rxd7 27. g3 h5 28. Rxd7 Qxd7 29. Ne3 b5 30. h4 c4 31. Ng2 Qd3 32. Qe1 Bh6 33. Nf4 Bxf4 34. gxf4 Kg7 35. Qe3 Qd1+ 36. Kh2 Qd7 37. Qc5 Kf7 38. Kg3 a6 39.
Qe5 Qd3+ 40. Kh2 Qd2 41. Qc7+ Ke6 42. Qe5+ Kd7 43. Kg3 Qd6 44. Qg7+ Kc6 45. Qg8 Kb6 46. Qe8 Ka5 47. Qf7 Ka4 48. Qa7 Kb3 49. Qd4 Qxd4 50. cxd4 Kxb2 51. d5 c3 52. d6 c2 53. d7 c1=Q 54. d8=Q Qc3+ 55. Kg2 Qf3+ 56. Kg1 Qg4+ 57. Kf1 Qh3+ 58. Kg1 Qxa3 59. Qf6+ Kb1 60. Qxg6 Qc1+ 61. Kg2 Qxf4 62. Qxa6 Qf3+ 63. Kg1 Qg4+ 64. Kf1 Qh3+ 65.
Kg1 Qd3 66. Qf6 e3 67. fxe3 b4 0-1

[Event "*** SCC Grand Prix: Titled Tuesday Blitz"]
[Site "Chess.com"]
[Date "2020.10.06"]
[Round "7"]
[White "djano"]
[Black "night_player"]
[Result "1-0"]
[WhiteElo "2439"]
[BlackElo "2219"]
[TimeControl "180+1"]
[EndTime "11:20:16 PDT"]
[Termination "djano won on time"]

1. d4 d5 2. Nf3 Nf6 3. Bf4 Bf5 4. c4 c6 5. Nc3 e6 6. Qb3 Qb6 7. c5 Qxb3 8. axb3 Na6 9. Rxa6 bxa6 10. e3 Nh5 11.
Be5 f6 12. Bc7 Rc8 13. Ba5 Rb8 14. b4 g5 15. h3 Ng7 16. Bxa6 Be7 17. b5 Kd7 18. b4 Bd8 19. bxc6+ Kxc6 20. b5+ Kd7 21. c6+ Kd6 22. Bb4+ Kc7 23. Bc5 Rb6 24. Kd2 Rxa6 25. bxa6 Kxc6 26. Bxa7 Ba5 27. Ra1 Bb4 28. Bc5 Bxc5 29.
dxc5 Kxc5 30. Nd4 e5 31. a7 Ra8 32. Ndb5 Ne6 33. g4 Bg6 34. Ra6 Bf7 35. Rxe6 Bxe6 36. Nc7 Rxa7 37. Nxe6+ Kd6 38. Nb5+ Kxe6 39. Nxa7 f5 40.
Nb5 Kf6 41. Nd6 fxg4 42. hxg4 Kg6 43. Ke2 h5 44. gxh5+ Kxh5 45. Kf3 Kh4 46. Nf5+ Kh3 47. Ne7 g4+ 48. Ke2 d4 49. Nf5 g3 50. Nxg3 dxe3 51. Kxe3 Kg4 52. Ne4 Kh3 53. f3 Kg2 54. Ng5 Kg3 55.
Nf7 e4 56. Kxe4 1-0

[Event "*** SCC Grand Prix: Titled Tuesday Blitz"]
[Site "Chess.com"]
[Date "2020.10.06"]
[Round "7"]
[White "ChessAurochs"]
[Black "Sergienko_Sergey"]
[Result "0-1"]
[WhiteElo "2547"]
[BlackElo "2385"]
[TimeControl "180+1"]
[EndTime "11:20:17 PDT"]
[Termination "Sergienko_Sergey won on time"]

1. e4 c5 2. Nf3 a6 3. c3 e6 4. d4 d5 5. e5 Bd7 6. a4 Nc6 7. Be2 cxd4 8. cxd4 Nge7 9. O-O Nf5 10. Be3 Be7 11. Qd2 O-O 12. Nc3 Rc8 13. Bd3 Nxe3 14. fxe3 Na5 15. Qf2 Nc4 16. Bxc4 Rxc4 17. Nd2 Rc8 18. a5 Bb4 19. Nb3 Qe7 20. Rac1 Rc4 21. e4 Bxc3 22. Rxc3 Rxc3 23. bxc3 dxe4 24. Nc5 Bc6 25.
Qg3 Kh8 26. h4 f5 27. exf6 gxf6 28. Rf4 Rg8 29. Rg4 Rxg4 30. Qxg4 f5 31. Qf4 Qf6 32. g3 Kg7 33. Kf2 Qg6 34. Ke3 h6 35. Kf2 Kf7 36. Qc7+ Kg8 37. Qd8+ Kh7 38. Qe7+ Kg8 39.
Nxe6 e3+ 40. Kxe3 Qxg3+ 41. Kd2 Qf2+ 42. Kd3 Qf1+ 43. Kc2 Be4+ 44. Kb2 Qe2+ 45. Ka3 Qg2 46. Qf8+ Kh7 47. Qf7+ Kh8 48. Qf6+ Kh7 49. Qe7+ Kg8 50. Kb4 Qb2+ 51. Kc5 Qa3+ 0-1

[Event "*** SCC Grand Prix: Titled Tuesday Blitz"]
[Site "Chess.com"]
[Date "2020.10.06"]
[Round "7"]
[White "Balla_Tamas"]
[Black "doons21"]
[Result "1-0"]
[WhiteElo "2451"]
[BlackElo "2582"]
[TimeControl "180+1"]
[EndTime "11:20:17 PDT"]
[Termination "Balla_Tamas won by resignation"]

1. e4 e6 2. d4 d5 3. Nd2 Nc6 4. Ngf3 Nf6 5. e5 Nd7 6. c3 f6 7. exf6 Qxf6 8. Bd3 Bd6 9. Nf1 e5 10. Bg5 Qf7 11. dxe5 Ndxe5 12. Nxe5 Nxe5 13. Be3 O-O 14. Ng3 Bg4 15. Qc2 Nxd3+ 16. Qxd3 c6 17. O-O a5 18. Rae1 a4 19. a3 Qg6 20. Qxg6 hxg6 21. Bd4 Kf7 22. f3 Bd7 23. Ne2 Rae8 24. Nc1 c5 25.
Be3 Bf5 26. Rf2 Bd7 27. Nd3 b6 28. Rd2 Bc6 29. g3 Re6 30. Bf2 Rfe8 31. Rxe6 Rxe6 32. f4 Re4 33. Nc1 Ke6 34. h3 Bb5 35. Kg2 Bc4 36. Kf3 Be7 37. Be3 g5 38. Nd3 gxf4 39. Nxf4+ Kd6 40.
Ng6 Bf6 41. g4 Kc6 42. h4 Re8 43. g5 Bd8 44. Bf4 Re1 45. Ne5+ Kb5 46. h5 Rf1+ 47. Kg3 Rh1 48. h6 gxh6 49. gxh6 Bf6 50. Ng4 Bh8 51. Rh2 Rxh2 52. Kxh2 d4 53. cxd4 cxd4 54. Kg3 Bd3 55. Be5 Bxe5+ 56. Nxe5 Bh7 57. Kf2 Kc5 58. Ke1 Kd5 59. Ng4 Kc4 60. Kd2 Kb3 61. Kc1 d3 62. Nf6 d2+ 63. Kxd2 Bg6 64. h7 b5 65. h8=Q 1-0

[Event "*** SCC Grand Prix: Titled Tuesday Blitz"]
[Site "Chess.com"]
[Date "2020.10.06"]
[Round "7"]
[White "karwowskikacper"]
[Black "barbara25"]
[Result "1-0"]
[WhiteElo "2471"]
[BlackElo "2327"]
[TimeControl "180+1"]
[EndTime "11:20:19 PDT"]
[Termination "karwowskikacper won by resignation"]

1. e4 c5 2. Nf3 d6 3. c3 Nf6 4. h3 e6 5. Bd3 Be7 6. O-O O-O 7. Bc2 b5 8. a4 b4 9. cxb4 cxb4 10. b3 a5 11. Bb2 Bb7 12. Re1 Nbd7 13. d4 Rc8 14.
Nbd2 Qc7 15. Rc1 Qb8 16. Bd3 Rxc1 17. Qxc1 Rc8 18. Qb1 h6 19. Nc4 Qa8 20. Nfd2 d5 21. exd5 Nxd5 22. f3 Bf6 23. Bh7+ Kh8 24. Ne4 Nc3 25.
Bxc3 bxc3 26. Nxf6 Nxf6 27. Be4 Bd5 28. Qd3 Qa6 29.
Qxc3 Bxc4 30. bxc4 Qxc4 31. Qxa5 Qxd4+ 32. Kh1 Qf2 33. Qb4 Nxe4 34. Qxe4 Rc2 35. Rg1 Ra2 36. Qb4 Qc2 37.
Qf8+ Kh7 38. Qxf7 Qc4 39. Re1 Qc2 40. Rg1 Qe2 41. Qd7 Qe5 42. Qd3+ Qf5 43. Qc4 Rc2 44. Qb3 Rd2 45. Re1 Qg6 46. Qb1 Rxg2 47. Qxg6+ Rxg6 48. a5 e5 49. Rxe5 Ra6 50. Kg2 Rc6 51. h4 Rc2+ 52. Kg3 Ra2 53. h5 Ra3 54. Kf4 Ra4+ 55. Kf5 Ra3 56. f4 Ra4 57. Rc5 Rb4 58. Ke5 Ra4 59.
f5 Ra1 60. Kd6 Kg8 61. Kc7 Kf7 62. Kb6 Ke7 63. a6 Kd6 64. Rb5 Kd7 65. Kb7 1-0

[Event "*** SCC Grand Prix: Titled Tuesday Blitz"]
[Site "Chess.com"]
[Date "2020.10.06"]
[Round "7"]
[White "rasmussvane"]
[Black "VitaliyBernadskiy"]
[Result "1-0"]
[WhiteElo "2915"]
[BlackElo "2744"]
[TimeControl "180+1"]
[EndTime "11:20:20 PDT"]
[Termination "rasmussvane won on time"]

1. Nf3 g6 2. e4 Bg7 3. d4 d6 4. Bd3 Nc6 5. c3 e5 6. Be3 Nf6 7. h3 O-O 8. O-O d5 9. Nxe5 Nxe5 10. dxe5 Nxe4 11. f4 f6 12. Bxe4 dxe4 13. Qxd8 Rxd8 14. exf6 Bxf6 15. Nd2 Re8 16. Rae1 h5 17. Nb3 b6 18.
Bd4 Bh4 19. Re3 Bb7 20. g3 Be7 21. Be5 Rad8 22. Bxc7 Rd3 23. Rfe1 Rxe3 24. Rxe3 Bf6 25. Kf2 Kf7 26. Nd4 Bxd4 27. cxd4 Rc8 28. Rc3 Bd5 29.
a3 Be6 30. Ke3 Bxh3 31. Kxe4 Bg2+ 32. Ke5 Re8+ 33. Kd6 Re6+ 34. Kd7 Re2 35. b4 Re7+ 36. Kc8 Bd5 37. Be5 Ke6 38. Kd8 Rd7+ 39. Ke8 Rh7 40.
b5 Rd7 41. a4 Rb7 42. Kf8 Rf7+ 43. Kg8 Rd7 44. Rc8 Kf5+ 45. Kh8 Kg4 46. Rc6 Be4 47. Rc7 Rxc7 48. Bxc7 Bc2 49. d5 Bxa4 50. Kg7 Bxb5 51. Kxg6 Kxg3 52. f5+ Kf3 53. f6 Be8+ 54. f7 Bxf7+ 55. Kxf7 1-0

[Event "*** SCC Grand Prix: Titled Tuesday Blitz"]
[Site "Chess.com"]
[Date "2020.10.06"]
[Round "7"]
[White "FloMaster111"]
[Black "Rital44"]
[Result "0-1"]
[WhiteElo "2554"]
[BlackElo "2443"]
[TimeControl "180+1"]
[EndTime "11:20:20 PDT"]
[Termination "Rital44 won on time"]

1. Nf3 Nf6 2. d4 g6 3. Nc3 d5 4.
Bf4 Bg7 5. Nb5 Na6 6. e3 O-O 7. h3 c5 8. c3 Ne4 9. Be2 Bd7 10. a4 Qb6 11. O-O c4 12. b3 Bxb5 13. axb5 Nxc3 14. Qc2 Nxe2+ 15. Qxe2 Qxb5 16. bxc4 Qxc4 17. Qb2 Qb4 18. Qa2 Qc4 19. Qa5 Rfc8 20. Rfb1 Qc6 21. Rb5 e6 22. Rab1 Nb8 23. Rxb7 Nd7 24. Rxa7 Rxa7 25. Qxa7 Ra8 26. Qc7 Qxc7 27. Bxc7 Nf6 28. Be5 Ne4 29. Rb2 f6 30.
Bc7 Bf8 31. g3 Ra7 32. Bb8 Ra1+ 33. Kg2 Ba3 34. Rc2 Rb1 35. Bc7 Kf7 36. g4 g5 37.
Bh2 Rb7 38. Ra2 Be7 39. Nd2 Nc3 40. Rc2 Nb5 41. Nf1 Bd6 42. Bg3 Bxg3 43. Nxg3 Rc7 44.
Rb2 Nd6 45. Rb6 Ne4 46. Nxe4 dxe4 47. Kg3 Rc1 48. Rb7+ Kg6 49. Re7 h5 50. gxh5+ Kxh5 51.
Rxe6 f5 52. Rf6 f4+ 53. exf4 Rc3+ 54. Kg2 Rc2 0-1

[Event "*** SCC Grand Prix: Titled Tuesday Blitz"]
[Site "Chess.com"]
[Date "2020.10.06"]
[Round "7"]
[White "Vuk2000"]
[Black "GameOverBro"]
[Result "0-1"]
[WhiteElo "2681"]
[BlackElo "2528"]
[TimeControl "180+1"]
[EndTime "11:20:21 PDT"]
[Termination "GameOverBro won by resignation"]

1. d4 d6 2. Bg5 Nd7 3. Nf3 Ngf6 4. e3 e5 5. c4 c6 6. Nc3 Be7 7. Be2 O-O 8. O-O h6 9. Bh4 g5 10. Bg3 Nh5 11. e4 Nf4 12. Ne1 Nf6 13. Nc2 Be6 14. d5 cxd5 15. cxd5 Bd7 16. Ne3 Qa5 17. a3 Rfc8 18. Bf3 b5 19. h4 Kg7 20. hxg5 hxg5 21.
Ng4 Bxg4 22. Bxg4 Rxc3 23. bxc3 Nxe4 24. Bxf4 gxf4 25. Bf5 Nf6 26. Qf3 Rh8 27. a4 bxa4 28.
Rfb1 Bd8 29. Rb7 Qa6 30. Rab1 Bb6 31. Re7 Kf8 32. Rd7 Nxd7 33. Bxd7 Ke7 34. Bb5 Qa5 35. Qd3 Bc5 36. Qf5 Qc7 37. Bxa4 Rb8 38. Re1 Rb2 39. Rf1 Ra2 40. Bc6 Kf8 41. Qf6 a5 42. Qh8+ Ke7 43. Qe8+ Kf6 44. Qh8+ Ke7 45. Qh4+ Kf8 46.
Qh6+ Ke7 47. Qg5+ Kf8 48. g3 fxg3 49. Qh6+ Ke7 50. Qg5+ Kf8 51. Qh6+ Ke7 52. Qh4+ Kf8 53.
Qxg3 Qe7 54. Kg2 Qf6 55. Bb7 Ke7 56. Bc6 a4 57. Bb5 a3 58. Bd3 Rd2 59. Be4 a2 60. Qf3 Qxf3+ 61. Kxf3 Rxf2+ 62. Rxf2 Bxf2 0-1

[Event "*** SCC Grand Prix: Titled Tuesday Blitz"]
[Site "Chess.com"]
[Date "2020.10.06"]
[Round "7"]
[White "ethylalcohol"]
[Black "teacher4chess"]
[Result "0-1"]
[WhiteElo "2124"]
[BlackElo "2011"]
[TimeControl "180+1"]
[EndTime "11:20:21 PDT"]
[Termination "teacher4chess won on time"]

1. d4 d5 2. Bf4 c6 3. Nf3 Qb6 4. Qc1 Bf5 5. e3 e6 6. Be2 Nf6 7. h3 h6 8. O-O Nbd7 9. c4 Ne4 10. c5 Qd8 11. b4 Be7 12. b5 cxb5 13. Bxb5 O-O 14.
Nbd2 Bf6 15. Bd6 Nxd6 16. cxd6 Rc8 17. Qa3 a6 18. Bxd7 Qxd7 19. Ne5 Qb5 20. Rac1 Qe2 21. d7 Rcd8 22. Ndf3 Bxe5 23. Nxe5 f6 24. Rfe1 Qh5 25. g4 Bxg4 26. hxg4 Qh4 27. e4 fxe5 28. Qg3 Qxg3+ 29. fxg3 exd4 30. Rc7 d3 31. exd5 exd5 32. Rd1 Rf3 33. Kg2 Re3 34. Rxb7 Re2+ 35. Kf3 Rxa2 36. Rxd3 Ra5 37.
Re3 Rb5 38. Re8+ Kf7 39. Rxb5 Rxd7 40. Rbb8 d4 41. Ke2 d3+ 42. Kd2 a5 43. Rf8+ Kg6 44. Ra8 Rd5 45. Rfd8 Rxd8 0-1

[Event "*** SCC Grand Prix: Titled Tuesday Blitz"]
[Site "Chess.com"]
[Date "2020.10.06"]
[Round "7"]
[White "davidkalashian"]
[Black "Harsha_Bharathakoti"]
[Result "0-1"]
[WhiteElo "2579"]
[BlackElo "2752"]
[TimeControl "180+1"]
[EndTime "11:20:24 PDT"]
[Termination "Harsha_Bharathakoti won on time"]

1. d4 d5 2. Nf3 Nf6 3. c4 e6 4.
Nc3 c6 5. Qd3 dxc4 6. Qxc4 b5 7.
Qb3 Nbd7 8. g3 Bb7 9. Bg2 b4 10.
Na4 c5 11. dxc5 Nxc5 12. Nxc5 Bxc5 13. O-O O-O 14. Be3 Bd5 15. Qd3 Bxe3 16. Qxe3 Qe7 17. a3 a5 18. Rfc1 Rfb8 19. Ne5 Bxg2 20. Kxg2 Qb7+ 21.
Kg1 Nd5 22. Qf3 f6 23. Nc6 Rc8 24. Nd4 Qd7 25. e3 bxa3 26. bxa3 Ne7 27. Rab1 e5 28. Rxc8+ Rxc8 29. Rb7 Rc1+ 30. Kg2 Rc7 31. Rxc7 Qxc7 32. Nb5 Qb6 33. a4 Kf7 34. Qh5+ Ng6 35. Qd1 Qc6+ 36. Kg1 Ne7 37. Qb3+ Kf8 38. Qd3 Qc1+ 39. Kg2 Qc6+ 40. e4 Kf7 41. f3 Kg6 42. h4 h5 43. Qb3 Kh7 44. Qf7 Ng6 45. Qb3 Qc5 46. Qb2 Qc4 47. Nc3 Qd4 48. Qc2 Qc4 49. Qd2 Ne7 50. Nd5 Nc6 51. Ne3 Qxa4 0-1

[Event "*** SCC Grand Prix: Titled Tuesday Blitz"]
[Site "Chess.com"]
[Date "2020.10.06"]
[Round "7"]
[White "keepitcoming"]
[Black "FramboiseDePrintemps"]
[Result "1/2-1/2"]
[WhiteElo "2474"]
[BlackElo "2661"]
[TimeControl "180+1"]
[EndTime "11:20:24 PDT"]
[Termination "Game drawn by repetition"]

1. d4 Nf6 2. c4 e6 3. Nc3 Bb4 4. e3 O-O 5. Ne2 d5 6. a3 Be7 7.
c5 b6 8. b4 bxc5 9. bxc5 c6 10. Ng3 Ba6 11. Bxa6 Nxa6 12. O-O Nc7 13. Rb1 Qd7 14.
Qa4 a6 15. Rd1 e5 16. dxe5 Nb5 17. Nxb5 axb5 18. Qc2 Ng4 19. e4 d4 20. Nf5 Nxe5 21.
Rxd4 Qa7 22. Bf4 Bf6 23. Rd6 Qxa3 24. Bxe5 Bxe5 25. Rxc6 b4 26. g3 Qc3 27. Qxc3 bxc3 28. Rc1 g6 29. Ne7+ Kg7 30. Nd5 Rfc8 31. Rxc8 Rxc8 32. Nxc3 Rxc5 33. Ne2 Ra5 34. Kg2 Ra2 35.
Kf1 h5 36. Rc5 f6 37. f4 Ba1 38. Rc1 Kf7 39. Kf2 Bd4+ 40. Kf3 Ra3+ 41. Kg2 Ra2 42. Rc7+ Ke6 43. Kf1 Kd6 44. Rc4 Bc5 45. Nc3 Ra5 46.
Ke2 Ke6 47. Kd3 Bg1 48. Rc6+ Kf7 49. h3 Bh2 50. Ne2 Ke7 51. Kc4 Ra4+ 52. Kd5 Ra5+ 53. Rc5 Ra2 54. Nd4 Bxg3 55. Rc7+ Kf8 56. Ne6+ Ke8 57. Rg7 Ra5+ 58. Kd6 Ra6+ 59. Kd5 Ra5+ 60. Kd6 Ra6+ 61. Kd5 Ra5+ 1/2-1/2

[Event "*** SCC Grand Prix: Titled Tuesday Blitz"]
[Site "Chess.com"]
[Date "2020.10.06"]
[Round "7"]
[White "Oligan22"]
[Black "TomiLen"]
[Result "0-1"]
[WhiteElo "2418"]
[BlackElo "2565"]
[TimeControl "180+1"]
[EndTime "11:20:24 PDT"]
[Termination "TomiLen won on time"]

1. e4 e6 2. d4 d5 3. Nd2 c5 4. Ngf3 Nc6 5. exd5 exd5 6. Bb5 Qe7+ 7. Qe2 Qxe2+ 8. Kxe2 a6 9. Bxc6+ bxc6 10. dxc5 Bxc5 11. Nb3 Bd6 12. Be3 Nf6 13. Bc5 Kd7 14. Nfd2 a5 15.
a4 Re8+ 16. Kf3 Ne4 17. Nxe4 Rxe4 18. Rhe1 f5 19. Bxd6 Kxd6 20. Nd2 Rh4 21. h3 Ba6 22. b3 g5 23. Rad1 Rg8 24. Nf1 Rf4+ 25. Kg3 h5 26. f3 h4+ 27. Kf2 Bxf1 28. Rxf1 g4 29. Ke3 Rb4 30. fxg4 fxg4 31. Rf6+ Kc5 32. Rdf1 gxh3 33.
gxh3 Rg2 34. R1f2 Re4+ 35. Kd3 Rg1 36. Rh6 Rg3+ 37. Kd2 Rxh3 38. Rff6 Kd4 39. Rxc6 Rh2+ 40. Kc1 h3 41. Rh7 Ree2 42. Rh4+ Ke5 43. Rh5+ Ke4 44.
Rh4+ Kf3 45. Rh8 Rh1+ 46. Kb2 Kg2 47. Rg6+ Kh2 48. Rgh6 Re3 49. Rh5 Rd1 50. Rg5 Rd2 51. Rg6 Ree2 52. Rc6 d4 53. Kc1 Rg2 54. Rc7 Rde2 55.
Kb2 d3 0-1

[Event "*** SCC Grand Prix: Titled Tuesday Blitz"]
[Site "Chess.com"]
[Date "2020.10.06"]
[Round "7"]
[White "Ze-Pequeno"]
[Black "juli2512"]
[Result "1/2-1/2"]
[WhiteElo "2246"]
[BlackElo "2051"]
[TimeControl "180+1"]
[EndTime "11:20:26 PDT"]
[Termination "Game drawn by repetition"]

1. e4 c5 2. Nf3 d6 3. d4 cxd4 4. Nxd4 Nf6 5. Nc3 Nc6 6. Bg5 e6 7. Qd2 Be7 8. O-O-O O-O 9. Nb3 a6 10. f3 Qc7 11. h4 Rd8 12. Qf2 b5 13. Be3 Rb8 14. Kb1 b4 15. Na4 Nd7 16. g4 Nce5 17. g5 Nc4 18. Bc1 Ndb6 19. Nxb6 Qxb6 20. Qg3 Ne3 21.
Re1 Nxf1 22. Rexf1 a5 23. h5 a4 24. Nd2 Qc5 25.
g6 fxg6 26. hxg6 h6 27. f4 Ba6 28. Re1 Rdc8 29. Qg4 Qxc2+ 30. Ka1 Bc4 31. Nxc4 Qxc4 32. f5 Bf6 33. e5 dxe5 34. fxe6 e4 35. Qxe4 Qxe4 36.
Rxe4 a3 37. Kb1 b3 38. Rh2 bxa2+ 39. Kxa2 axb2 40. Bxb2 Ra8+ 41. Kb1 Rab8 42. e7 Re8 43. Rhe2 Rxb2+ 44. Rxb2 Bxb2 45. Kxb2 h5 46. Kc3 h4 47. Kd4 h3 48. Re1 h2 49. Rh1 Rxe7 50. Rxh2 Re6 51. Rg2 Kf8 52. Kd5 Rf6 53. Ke5 Ke7 54. Rg4 Kd7 55.
Kd5 Ke7 56. Ke5 Kd7 57. Kd5 Ke7 58. Ke5 1/2-1/2

[Event "*** SCC Grand Prix: Titled Tuesday Blitz"]
[Site "Chess.com"]
[Date "2020.10.06"]
[Round "7"]
[White "seorobert1971"]
[Black "Angel_Hranitel_37"]
[Result "1-0"]
[WhiteElo "2709"]
[BlackElo "2543"]
[TimeControl "180+1"]
[EndTime "11:20:27 PDT"]
[Termination "seorobert1971 won by checkmate"]

1. e4 c5 2. Nf3 e6 3. g3 d5 4.
exd5 exd5 5. d4 Nc6 6. Bg2 Bg4 7. dxc5 Bxc5 8. O-O Nf6 9. Bg5 O-O 10. Nc3 d4 11.
Ne4 Be7 12. Bxf6 Bxf6 13. h3 Bf5 14. Ne1 Re8 15. Nxf6+ Qxf6 16. Qd2 Rac8 17. Nd3 Bxd3 18. cxd3 Qd6 19. Rac1 b6 20. Rfe1 Nb4 21. Rxe8+ Rxe8 22. a3 Na6 23. Qc2 Nc5 24. b4 Ne6 25. Qc6 Qxc6 26.
Rxc6 Rd8 27. h4 Kf8 28. Bh3 Ke7 29. Kf1 Rd6 30. Rc8 a5 31. Ke2 axb4 32. axb4 Kd7 33.
Rc4 Kd8 34. Kd2 Nc7 35. Bg2 Nb5 36. Bb7 Nc3 37. Rc8+ Ke7 38. Bf3 Rf6 39. Bc6 Rxf2+ 40. Kc1 Na2+ 41. Kd1 Nxb4 42. Be4 Na2 43. Ke1 Rb2 44.
Rc7+ Ke6 45. Rc6+ Kd7 46. Rc4 Nc3 47. Rxd4+ Ke6 48. Bf3 Rb1+ 49. Kd2 Nb5 50. Rc4 Nd6 51. Rc7 Rb2+ 52. Ke3 b5 53. d4 Rb3+ 54. Kf4 f6 55.
d5# 1-0

[Event "*** SCC Grand Prix: Titled Tuesday Blitz"]
[Site "Chess.com"]
[Date "2020.10.06"]
[Round "7"]
[White "BeanScreen"]
[Black "Artyom_ChessMate"]
[Result "1-0"]
[WhiteElo "2672"]
[BlackElo "2511"]
[TimeControl "180+1"]
[EndTime "11:20:29 PDT"]
[Termination "BeanScreen won by resignation"]

1. e4 c5 2. Nf3 d6 3. d4 cxd4 4. Nxd4 Nf6 5. Nc3 g6 6. Be3 Bg7 7. f3 O-O 8. Qd2 Nc6 9. g4 Nxd4 10. Bxd4 Be6 11. O-O-O Qa5 12. Kb1 Rfc8 13. a3 a6 14. Nd5 Qxd2 15. Rxd2 Bxd5 16. exd5 Nd7 17. f4 Bxd4 18.
Rxd4 Rc5 19. h4 Rac8 20. c3 Nf6 21. Bg2 Nxg4 22. Bh3 f5 23. Bxg4 fxg4 24. h5 Kg7 25.
Re4 R8c7 26. hxg6 hxg6 27. Rg1 Rxd5 28. Rxg4 b5 29. Re6 Kf7 30. Rexg6 Rf5 31. Rg7+ Ke8 32.
Rg8+ Kd7 33. Ra8 Rc6 34. Rg7 Ke6 35. Ra7 Rf7 36. Rg1 Kf5 37. Re1 Kf6 38. Ka2 Rh7 39.
f5 Rc5 40. Re6+ Kxf5 41. Rexe7 Rxe7 42. Rxe7 a5 43. Kb3 a4+ 44. Kb4 Rd5 45. Rb7 Rd2 46. Rxb5+ Ke4 47. Kxa4 d5 48. b4 Rc2 49. Kb3 Rc1 50. Kb2 Rh1 51. a4 Rh6 52. a5 d4 53.
cxd4 Kxd4 54. Kb3 Rh3+ 55. Ka4 Rh1 56. Rc5 1-0